 Dungeon Crawl Stone Soup version 0.31-a0-858-g469dc525a8 (webtiles) character file.

Game seed: 3403340345894986879

2523 Querens the Blocker (level 9, -2/73 HPs)
             Began as a Formicid Fighter on Oct 9, 2023.
             Slain by Maggie
             ... wielding a +0 long sword
              (7 damage)
             ... on level 6 of the Dungeon.
             The game lasted 00:14:46 (3618 turns).

Querens the Blocker (Formicid Fighter)              Turns: 3618, Time: 00:14:46

Health: -2/73      AC: 10    Str: 24    XL:     9   Next: 84%
Magic:  9/9        EV: 13    Int:  9    God:
Gold:   363        SH:  6    Dex: 13    Spells: 8/8 levels left

rFire   . . .        a - +1 war axe (flame)
rCold   . . .        c - +0 buckler
rNeg    . . .        s - +0 chain mail
rPois   .            (helmet unavailable)
rElec   .            (no cloak)
rCorr   .            (no gloves)
SInv    +            (no boots)
Will    .....        r - amulet of the acrobat Stlth
                     q - +5 ring of evasion
HPRegen 0.32/turn    (no ring)
MPRegen 0.11/turn

%: acrobat
@: mesmerised
A: permanent stasis, dig shafts and tunnels, antennae 3, four strong arms
a: Dig, Shaft Self


You were on level 6 of the Dungeon.
You visited 1 branch of the dungeon, and saw 6 of its levels.

You collected 363 gold pieces.

Inventory:

Hand Weapons
 a - a +1 war axe of flaming (weapon)
 b - the +6 sling of Actus Reus {elec, rPois rF++ rC+}
   (You found it on level 5 of the Dungeon)

   rF++:      It greatly protects you from fire.
   rC+:       It protects you from cold.
   rPois:     It protects you from poison
Missiles
 z - 4 atropa-tipped darts
Armour
 c - a +0 buckler (worn)
 s - a +0 chain mail (worn)
Jewellery
 l - a ring of fire
 p - a ring of ice
 q - a +5 ring of evasion (left hand)
 r - an amulet of the acrobat (around neck)
Wands
 t - a wand of polymorph (3)
 x - a wand of mindburst (1)
Scrolls
 e - 2 scrolls of brand weapon
 g - 2 scrolls of immolation
 h - a scroll of identify {unknown}
 m - a scroll of noise {unknown}
 n - 2 scrolls of teleportation
 o - a scroll of poison
 v - a scroll of enchant weapon
 y - a scroll of vulnerability {unknown}
Potions
 d - 3 potions of might
 f - a potion of curing {unknown}
 i - 3 potions of lignification {unknown}
 j - a potion of magic {unknown}
 k - 2 potions of attraction {unknown}
 u - a potion of brilliance {unknown}
 w - a potion of haste {unknown}


   Skills:
 + Level 7.7 Fighting
 + Level 6.6 Axes
 + Level 7.6 Armour
 + Level 9.2 Shields


You had 8 spell levels left.
You didn't know any spells.
Your spell library contained the following spells:

 Spells                   Type           Power      Damage    Failure   Level
 Summon Small Mammal      Summ           0%         N/A       91%         1
 Call Canine Familiar     Summ           0%         N/A       100%        3
 Inner Flame              Hex/Fire       0%         N/A       100%        3
 Summon Guardian Golem    Hex/Summ       0%         N/A       100%        3
 Yara's Violent Unravell  Hex/Tmut       0%         3d3       100%        5
 Enfeeble                 Hex            0%         N/A       100%        7


Dungeon Overview and Level Annotations

Branches:
Dungeon (6/15)
 Temple: D:4-7

Altars:

Shops:
D:4 (   D:6 :

Annotations:
D:6 Maggie


Innate Abilities, Weirdness & Mutations

You cannot be hasted, slowed, berserked, paralysed or teleported.
You can dig through walls and to a lower floor.
You have a pair of large antennae on your head. (SInv)
Your four strong arms can wield two-handed weapons with a shield.


Message History

You slash Maggie! You burn Maggie.
Maggie is moderately wounded.
Maggie hits you but does no damage.
You barely miss Maggie.
Maggie is moderately wounded.
Maggie hits you but does no damage.
You closely miss Maggie.
Maggie is moderately wounded.
You block Maggie's attack.
You closely miss Maggie.
Maggie is moderately wounded.
Maggie hits you with a +0 long sword. Maggie hits you but does no damage.
You slash Maggie! You burn Maggie.
Maggie is heavily wounded.
You break out of your daze.
Maggie hits you with a +0 long sword.
You hit Maggie. You burn Maggie.
Maggie is severely wounded.
Maggie hits you with a +0 long sword.
You hit Maggie but do no damage.
Maggie is severely wounded.
Maggie hits you but does no damage.
You hit Maggie but do no damage.
Maggie is severely wounded.
A gnoll comes into view. It is wielding a +0 flail.
Maggie gestures wildly while chanting.
Maggie attempts to bespell you!
You are mesmerised by Maggie!
Maggie casts a spell at you. The bolt of fire hits you!!
You hit Maggie. You burn Maggie.
Maggie is severely wounded.
A gnoll comes into view. It is wielding a +0 flail.
Maggie gestures at you while chanting. The bolt of fire hits you!!
* * * LOW HITPOINT WARNING * * *
You slash Maggie! You burn Maggie.
Maggie is almost dead.
Maggie hits you with a +0 long sword!
You die...

.##...... .# ... . ....####
####.# ...#...
.#.....#####....# .......
.............#### #.......
.######.....8...####........
## ####...##.....g....... #
#).∩...###g........
##########.#.##.##).#.......
............<...@@..........
#............#######........
#####..###.8# #........ ###
#..# ##.h..... #### .......
....... ......> #......


You could see Maggie (mesmerising) and 2 gnolls.

Vanquished Creatures
  Pikel (D:4)
  Sigmund (D:5)
  Edmund (D:5)
  Duvessa (D:5)
  2 sky beasts
  An orc warrior (D:6)
  An ice beast (D:6)
  An ogre (D:6)
  2 black bears (D:6)
  A bullfrog (D:6)
  4 scorpions
  A howler monkey (D:6)
  2 orc priests
  A gnoll bouda (D:5)
  4 hounds
  A sleepcap (D:6)
  4 iguanas
  3 orc wizards
  9 gnolls (D:5)
  7 adders
  A white imp (D:5)
  An ufetubus (D:5)
  2 worms (D:2)
  3 dart slugs
  22 orcs
  6 endoplasms
  3 giant cockroaches
  5 goblins
  9 hobgoblins
  7 jackals
  A quokka (D:1)
  10 ball pythons
  3 bats
  A frilled lizard (D:3)
  2 kobolds
  7 rats
131 creatures vanquished.

Notes
Turn   | Place    | Note
-------+----------+-------------------------------------------
     0 | D:1      | Querens the Formicid Fighter began the quest for the Orb.
     0 | D:1      | Reached XP level 1. HP: 18/18 MP: 1/1
   176 | D:1      | Reached XP level 2. HP: 24/24 MP: 2/2
   482 | D:1      | Reached XP level 3. HP: 26/29 MP: 3/3
   808 | D:2      | Reached XP level 4. HP: 37/37 MP: 4/4
  1476 | D:3      | Reached skill level 5 in Shields
  1476 | D:3      | Reached XP level 5. HP: 27/42 MP: 5/5
  1724 | D:4      | Noticed a lemure
  1724 | D:4      | Noticed a lemure
  1724 | D:4      | Noticed a lemure
  1725 | D:4      | Noticed Pikel
  1725 | D:4      | Noticed a lemure
  1877 | D:4      | Found Halloox's Antique Weapon Boutique.
  2097 | D:4      | Reached XP level 6. HP: 48/49 MP: 6/6
  2249 | D:4      | Killed Pikel
  2250 | D:4      | Reached skill level 5 in Fighting
  2250 | D:4      | Reached skill level 5 in Armour
  2250 | D:4      | Reached skill level 6 in Shields
  2250 | D:4      | Reached XP level 7. HP: 10/56 MP: 7/7
  2250 | D:4      | Reached XP level 8. HP: 12/63 MP: 8/8
  2588 | D:5      | Entered Level 5 of the Dungeon
  2668 | D:5      | Identified the +6 sling of Actus Reus {elec, rPois rF++
                  | rC+}
  2712 | D:5      | Noticed Sigmund
  2733 | D:5      | Killed Sigmund
  2734 | D:5      | Reached skill level 5 in Axes
  2734 | D:5      | Reached skill level 7 in Shields
  2767 | D:5      | Noticed Edmund
  2771 | D:5      | Killed Edmund
  2898 | D:5      | Noticed Duvessa
  2922 | D:5      | Killed Duvessa
  2997 | D:5      | Noticed Dowan
  3010 | D:5      | Dowan changed into Dowan the sky beast
  3010 | D:5      | Noticed Dowan
  3018 | D:5      | Killed Dowan the sky beast
  3019 | D:5      | Reached XP level 9. HP: 28/71 MP: 9/9
  3071 | D:5      | Reached skill level 8 in Shields
  3540 | D:6      | Found Umeomaelan's Book Emporium.
  3584 | D:6      | Reached skill level 9 in Shields
  3591 | D:6      | Noticed Maggie
  3618 | D:6      | Slain by Maggie

Illustrated notes

Levels and vault maps discovered:
D:1:      noname_arrival_rooms_in_the_neighbourhood, layout_basic,
          minmay_misc_feat_iff, nicolae_the_louvre
D:2:      layout_loops_corners, corexii_shack, nrook_mini_vaults
D:3:      layout_rooms
D:4:      layout_basic, serial_shops, shop, chequers_serial_rivers_small_a,
          corexii_shack, minmay_misc_feat_x, st_stairs_1, uniq_pikel
D:5:      layout_basic, uniq_duvessa, uniq_edmund, uniq_sigmund
D:6:      layout_rooms, serial_shops, shop_statue, uniq_maggie

Skill      XL: |  1  2  3  4  5  6  7  8  9 |
---------------+----------------------------+-----
Fighting       | 4 5 6 7 |  7.7
Armour         | 4 5 6 7 |  7.6
Axes           | 3 4 5 6 |  6.6
Shields        | 5 6 7 9 |  9.2

Action                     |  1- 3 |  4- 6 |  7- 9 || total
---------------------------+-------+-------+-------++-------
  Melee: War axe           |    73 |   153 |   206 ||   432
  Evoke: Wand              |       |       |    13 ||    13
    Use: Potion            |       |     1 |     1 ||     2
         Scroll            |       |       |     5 ||     5
 Armour: Scale mail        |    54 |    64 |       ||   118
         Chain mail        |       |    32 |   123 ||   155
  Dodge: Dodged            |    47 |    77 |   139 ||   263
  Block: Buckler           |    19 |    36 |    62 ||   117

Table legend: (Time is in decaauts)
 A = Elapsed time spent in this place.
 B = Non-inter-level travel time spent in this place.
 C = Inter-level travel time spent in this place.
 D = Time resting spent in this place.
 E = Time spent auto-exploring this place.
 F = Levels seen in this place.
 G = Mean time per level.
                   A        B        C        D        E       F      G
               +--------+--------+--------+--------+--------+-----+--------+
         Total |   3758 |   3459 |    299 |      0 |      0 |   6 |  626.3 |
       Dungeon |   3758 |   3459 |    299 |      0 |      0 |   6 |  626.3 |
               +--------+--------+--------+--------+--------+-----+--------+

Top non-repeatable levels by time:
     D:4: 933 daAuts
     D:2: 718 daAuts
     D:5: 687 daAuts
     D:1: 661 daAuts
     D:6: 391 daAuts
     D:3: 366 daAuts
